 Dungeon Crawl Stone Soup version 0.26-a0-651-gb41185065b (webtiles) character file.

Game seed: 8237178332109190141

23 Flugslaktarn the Shield-Bearer (level 2, 26/28 HPs)
             Began as a Deep Dwarf Fighter on Oct 12, 2020.
             Quit the game on level 2 of the Dungeon.
             The game lasted 00:00:27 (342 turns).

Flugslaktarn the Shield-Bearer (Deep Dwarf Fighter)  Turns: 342, Time: 00:00:28

Health: 26/28      AC:  8    Str: 19    XL:     2   Next: 75%
Magic:  2/2        EV:  7    Int:  8    God:
Gold:   6          SH:  9    Dex: 12    Spells: 1/1 levels left

rFire    . . .     SeeInvis .   a - +0 war axe
rCold    . . .     Faith    .   c - +0 kite shield
rNeg     . . .     Spirit   .   b - +0 scale mail
rPois    .         Reflect  .   (no helmet)
rElec    .         Harm     .   (no cloak)
rCorr    .         Rampage  .   (no gloves)
MR       .....                  h - +0 pair of boots
Stlth    ..........             (no amulet)
HPRegen  0.00/turn              (no ring)
MPRegen  0.08/turn              (no ring)

@: non-regenerating
A: damage resistance, heal wounds, sense surroundings 1, no regeneration
a: Heal Wounds


You were on level 2 of the Dungeon.
You visited 1 branch of the dungeon, and saw 2 of its levels.

You collected 6 gold pieces.

Inventory:

Hand Weapons
 a - a +0 war axe (weapon)
Armour
 b - a +0 scale mail (worn)
 c - a +0 kite shield (worn)
 h - a +0 pair of boots (worn)
   (You found it on level 2 of the Dungeon)
Scrolls
 g - a scroll of enchant armour {unknown}
Potions
 d - 3 potions of might
 e - a potion of resistance {unknown}
 f - a potion of mutation {unknown}


   Skills:
 * Level 3.1 Fighting
 * Level 2.7 Axes
 + Level 3.4 Armour
 + Level 3.5 Shields


You had one spell level left.
You didn't know any spells.
Your spell library was empty.

Dungeon Overview and Level Annotations

Branches:
Dungeon (2/15)

Altars:


Innate Abilities, Weirdness & Mutations

You are resistant to damage.
You can heal yourself by infusing magical energy.
You passively map a small area around you.
You do not regenerate.


Message History

You slash the bat!
You kill the bat!
No target in view!
No target in view!
No target in view!
No target in view!
No target in view!
No target in view!
No target in view!
A worm comes into view.
You see here a pair of boots.
h - a pair of boots
d - 3 potions of might (gained 1)
You start putting on your armour.
You continue putting on your pair of boots. x4
You finish putting on your +0 pair of boots.
You are a level 2 Deep Dwarf Fighter.
You are 75% of the way to level 3.
Play time: 00:00:26 (342 turns) Unknown command.
Are you sure you want to abandon this character and quit the game? (Confirm with "yes".)

#.#.. ....# *
##...#####...# *
#...........##.#
#........)).(..# *
####..........##....,
..............### ,#*
* ,
................#*,*
....†.........#.##
..<.......#####(@#,
..........# ##.# ,
..........# #.., ,
........<.# #### *
..........# **
###########


There were no monsters in sight!

Vanquished Creatures
  A dart slug (D:1)
  2 leopard geckos
  5 goblins
  A hobgoblin (D:1)
  2 kobolds
  2 bats
  3 frilled lizards
  4 rats
20 creatures vanquished.

Notes
Turn   | Place    | Note
-------+----------+-------------------------------------------
     0 | D:1      | Flugslaktarn the Deep Dwarf Fighter began the quest for the
                  | Orb.
     0 | D:1      | Reached XP level 1. HP: 20/20 MP: 1/1
    64 | D:1      | Reached XP level 2. HP: 27/27 MP: 2/2
   342 | D:2      | Quit the game

Illustrated notes

Levels and vault maps discovered:
D:1:      nicolae_arrival_washed_ashore, layout_loops_corners
D:2:      layout_rooms, elyvilon_altar_4

Skill      XL: |  1  2 |
---------------+-------+-----
Fighting       | 3 |  3.1
Axes           | |  2.7
Armour         | |  3.4
Shields        | |  3.5

Action                   || total
-------------------------++-------
Melee: War axe           ||    47
Armor: Scale mail        ||    18
Dodge: Dodged            ||    17
Block: Kite shield       ||    41

Table legend: (Time is in decaauts)
 A = Elapsed time spent in this place.
 B = Non-inter-level travel time spent in this place.
 C = Inter-level travel time spent in this place.
 D = Time resting spent in this place.
 E = Time spent auto-exploring this place.
 F = Levels seen in this place.
 G = Mean time per level.
                   A        B        C        D        E       F      G
               +--------+--------+--------+--------+--------+-----+--------+
         Total |    363 |    315 |     48 |      0 |    191 |   2 |  181.5 |
       Dungeon |    363 |    315 |     48 |      0 |    191 |   2 |  181.5 |
               +--------+--------+--------+--------+--------+-----+--------+

Top non-repeatable levels by time:
     D:1: 300 daAuts
     D:2: 63 daAuts
